 Dungeon Crawl Stone Soup version 0.20.1-1-g8b1a95d (webtiles) character file.

814 Monsterracer the Skirmisher (level 7, -6/52 HPs)
             Began as an Octopode Wanderer on Sept 2, 2017.
             Was an Initiate of Gozag.
             Mangled by an ogre
             ... wielding a +0 giant club
              (14 damage)
             ... on level 5 of the Dungeon.
             The game lasted 00:07:45 (4973 turns).

Monsterracer the Skirmisher (Octopode Wanderer)     Turns: 4973, Time: 00:07:45

Health: -6/52      AC:  1    Str: 11    XL:     7   Next: 93%
Magic:  7/7        EV: 15    Int: 13    God:    Gozag
Gold:   230        SH:  0    Dex: 15    Spells: 6/6 levels left

rFire    . . .     SeeInvis .   a - +2 spear
rCold    . . .     Gourm    .   (no shield)
rNeg     . . .     Faith    .   (helmet restricted)
rPois    .         Spirit   .   (no amulet)
rElec    .         Reflect  .   (no ring)
rCorr    .         Harm     .   (no ring)
MR       .....                  (no ring)
Stlth    ++++......             (no ring)
Regen    0.2/turn               (no ring)
MPRegen  0.1/turn               (no ring)
                                (no ring)
                                (no ring)

@: gold aura
A: almost no armour, stealthy swim, amphibious, 8 rings, constrict 8, camouflage
1, gelatinous body 1
a: Potion Petition, Call Merchant, Bribe Branch, Renounce Religion


You were on level 5 of the Dungeon.
You worshipped Gozag.
Gozag was aware of your devotion.
You were not hungry.

You visited 2 branches of the dungeon, and saw 6 of its levels.

You collected 334 gold pieces.
You paid 104 gold pieces to Gozag.

Inventory:

Hand Weapons
 a - a +2 spear (weapon)
Missiles
 k - 92 stones (quivered)
Jewellery
 g - an uncursed ring of ice
Wands
 r - a wand of random effects (34/48)
Scrolls
 b - 3 scrolls of teleportation
 e - 2 scrolls of remove curse
 o - a scroll of magic mapping
Potions
 c - 3 potions of lignification
 j - 3 potions of magic
 l - 4 potions of curing
 n - a potion of flight
 p - a potion of heal wounds
 s - a potion of cancellation
Comestibles
 d - 5 royal jellies
 f - 3 bread rations
 h - a meat ration
 i - 3 fruits


   Skills:
 * Level 6.2 Fighting
 * Level 6.1 Polearms
 + Level 3.6 Dodging
 + Level 5.5 Stealth
   Level 1.0 Shields


You had 6 spell levels left.
You didn't know any spells.

Dungeon Overview and Level Annotations

Branches:
Dungeon (5/15)             Temple (1/1) D:5

Altars:
Ashenzari
Dithmenos
Elyvilon
Fedhas
Gozag
Hepliaklqana
Makhleb
Nemelex Xobeh
Sif Muna
Trog
Uskayaw
Vehumet
Xom
Yredelemnul
Zin


Innate Abilities, Weirdness & Mutations

You cannot wear most types of armour.
You are very stealthy in the water. (Stealth+)
You are amphibious.
You can wear up to eight rings at the same time.
You can use your tentacles to constrict eight enemies at once.
Your skin changes colour to match your surroundings (Stealth+).
Your rubbery body absorbs attacks. (AC +1, EV +1)


Message History

The adder misses you.
You puncture the adder!
You kill the adder!
You are too injured to fight recklessly!
You are too injured to fight recklessly!
You are too injured to fight recklessly!
You are too injured to fight recklessly!
You hit the ogre but do no damage.
The ogre is severely wounded.
The ogre hits you with a giant club!!
Ouch! That really hurt!
* * * LOW HITPOINT WARNING * * *
Huge Dmg: -54%(-28hp) hp: 16%(8hp)
You hit the ogre. Your squeeze misses the ogre.
The ogre is almost dead.
You hit the ogre.
The ogre is almost dead.
The ogre hits you with a giant club!
You die...
Your body crumbles into a pile of gold.

##.###..#.........# ##
##......###.......## #.#
#...#...####.......##
#..# ...###...#
##.......##...## ..##
#...####...#..........
..# #....##^........(...#
..##
##...#...#..#.......#
...####......###.O......#
............## #@####.).#
.# ......####..###..#
#...# .## .###..#
#...#..## #...# ...# .
##..###.......#### ...#
#.... .
#..###...##........
..###....
..#..##...###........
#....#
#........#...........#
#..###
##...........#........
##....#
#.####...####....#
#.###..#....#


You could see an ogre.

Vanquished Creatures
  The ghost of Frank the Sneak, an amateur OpMo (D:4)
  An ice beast (D:5)
  2 scorpions (D:4)
  A crimson imp (D:3)
  A jelly (D:5)
  2 bullfrog skeletons (D:4)
  An orc priest (D:4)
  Natasha (D:2)
  2 orc wizards (D:4)
  2 worker ants
  8 adders
  An ooze (D:1)
  An adder skeleton (D:4)
  4 worms
  2 dart slugs
  A leopard gecko (D:4)
  4 orcs
  2 giant cockroaches
  6 goblins
  8 hobgoblins
  4 jackals (D:3)
  4 quokkas
  2 ball pythons
  10 bats
  A frilled lizard (D:1)
  11 kobolds
  10 rats
93 creatures vanquished.

Notes
Turn   | Place    | Note
-------+----------+-------------------------------------------
     0 | D:1      | Monsterracer the Octopode Wanderer began the quest for the Orb.
     0 | D:1      | Monsterracer set off with: a +2 spear, a scroll of teleportation, a potion of lignification, a +0 dagger, a bread ration
     0 | D:1      | Reached XP level 1. HP: 18/18 MP: 1/1
    96 | D:1      | Reached XP level 2. HP: 24/24 MP: 2/2
   139 | D:1      | Reached skill level 1 in Dodging
   434 | D:1      | Reached XP level 3. HP: 29/29 MP: 3/3
   750 | D:2      | HP: 14/29 [poisoned by an adder]
   758 | D:2      | HP: 13/29 [poisoned by an adder]
  1119 | D:2      | Found a white marble altar of Elyvilon.
  1214 | D:2      | Reached XP level 4. HP: 35/35 MP: 4/4
  1381 | D:2      | Noticed Natasha
  1390 | D:2      | Killed Natasha
  1508 | D:2      | Found a shadowy altar of Dithmenos.
  2124 | D:3      | Reached XP level 5. HP: 32/39 MP: 5/5
  2266 | D:3      | Found a burning altar of Makhleb.
  2268 | D:3      | Found a basalt altar of Yredelemnul.
  3120 | D:4      | Reached XP level 6. HP: 29/45 MP: 6/6
  3333 | D:4      | Found a bloodstained altar of Trog.
  3341 | D:4      | Reached skill level 5 in Polearms
  3761 | D:4      | HP: 16/45 [orc priest/whip (9)]
  3762 | D:4      | Reached XP level 7. HP: 17/50 MP: 7/7
  3777 | D:4      | HP: 9/50 [orc/flail (11)]
  4096 | D:4      | Noticed Frank's ghost (amateur OpMo)
  4115 | D:4      | Killed Frank's ghost
  4115 | D:4      | Reached skill level 5 in Stealth
  4416 | D:5      | Entered Level 5 of the Dungeon
  4452 | D:5      | Found a staircase to the Ecumenical Temple.
  4492 | D:5      | HP: 20/52 [ice beast (13)]
  4712 | Temple   | Entered the Ecumenical Temple
  4792 | Temple   | Became a worshipper of Gozag Ym Sagoz the Greedy
  4971 | D:5      | HP: 8/52 [ogre/giant club (29)]
  4973 | D:5      | Mangled by an ogre

Skill      XL: |  1  2  3  4  5  6  7 |
---------------+----------------------+-----
Stealth        | 3 4 5 |  5.5
Dodging        | 1 2 3 |  3.6
Polearms       | 3 4 5 6 |  6.1
Fighting       | 6 |  6.2
Shields        | |  1.0

Action                   |  1- 3 |  4- 6 |  7- 9 || total
-------------------------+-------+-------+-------++-------
Melee: Spear             |    87 |   149 |    75 ||   311
       Constrict         |    14 |    31 |     5 ||    50
       Tentacles         |     7 |    19 |    13 ||    39
  Use: Scroll            |       |     9 |     1 ||    10
 Stab: Sleeping          |    23 |    11 |     2 ||    36
  Eat: Chunk             |     1 |     7 |     5 ||    13
Armor: Skin              |     7 |    11 |     2 ||    20
Dodge: Dodged            |    34 |    61 |    36 ||   131
